 Dungeon Crawl Stone Soup version 0.22.1-1-ga44c0e5 (webtiles) character file.

103 amgonnakillyou the Grasshopper (level 4, -6/38 HPs)
             Began as a Gnoll Warper on Sept 24, 2018.
             Mangled by Curus's ghost (13 damage)
             ... on level 3 of the Dungeon.
             The game lasted 00:27:41 (1150 turns).

amgonnakillyou the Grasshopper (Gnoll Warper)       Turns: 1150, Time: 00:27:42

Health: -6/38      AC:  6    Str: 14    XL:     4   Next: 79%
Magic:  2/11       EV: 13    Int: 15    God:
Gold:   26         SH:  0    Dex: 15    Spells: 3/13 levels left

rFire    . . .     SeeInvis .   a - +0 hand axe
rCold    . . .     Gourm    .   (no shield)
rNeg     . . .     Faith    .   t - +0 ring mail
rPois    .         Spirit   .   (no helmet)
rElec    .         Reflect  .   k - +0 cloak
rCorr    .         Harm     .   (no gloves)
MR       .....                  (no boots)
Stlth    +.........             (no amulet)
HPRegen  0.12/turn              (no ring)
MPRegen  0.12/turn              (no ring)

@: no status effects
A: distributed training, fangs 1, strong nose
a: no special abilities


You were on level 3 of the Dungeon.
You were hungry.

You visited 1 branch of the dungeon, and saw 3 of its levels.

You collected 26 gold pieces.

Inventory:

Hand Weapons
 a - a +0 hand axe (weapon)
 z - a +0 longbow
Missiles
 e - 2 tomahawks of dispersal (quivered)
 h - 14 poisoned needles
 i - 23 bolts
 n - 2 large rocks
 p - 23 stones
Armour
 b - a +0 leather armour
 k - a +0 cloak (worn)
 t - a +0 ring mail (worn)
Jewellery
 g - an uncursed ring of protection from fire {unknown}
Scrolls
 d - a scroll of blinking
 m - a scroll of enchant armour {unknown}
 o - a scroll of identify {unknown}
 q - a scroll of amnesia {unknown}
 r - a scroll of teleportation {unknown}
Potions
 l - 2 potions of berserk rage
Comestibles
 c - 11 chunks of flesh
 f - 4 rations


   Skills:
 + Level 4.7 Fighting
 + Level 1.2 Short Blades
 + Level 1.2 Long Blades
 + Level 4.7 Axes
 + Level 1.2 Maces & Flails
 + Level 1.2 Polearms
 + Level 1.2 Staves
 + Level 1.2 Slings
 + Level 1.2 Bows
 + Level 1.2 Crossbows
 + Level 2.8 Throwing
 + Level 2.8 Armour
 + Level 4.7 Dodging
 + Level 1.2 Stealth
 + Level 1.2 Shields
 + Level 1.2 Unarmed Combat
 + Level 5.1 Spellcasting
 + Level 1.0 Conjurations
 + Level 1.0 Hexes
 + Level 1.0 Charms
 + Level 1.0 Summonings
 + Level 1.0 Necromancy
 + Level 5.5 Translocations
 + Level 1.0 Transmutations
 + Level 1.0 Fire Magic
 + Level 1.0 Ice Magic
 + Level 1.0 Air Magic
 + Level 1.0 Earth Magic
 + Level 1.0 Poison Magic
 + Level 1.3 Invocations
 + Level 1.2 Evocations


You had 3 spell levels left.
You knew the following spells:

 Your Spells              Type           Power        Failure   Level  Hunger
a - Blink                 Tloc           N/A          4%          2    ##.....
e - Lesser Beckoning      Tloc           ###.......   10%         3    ###....
r - Gell's Gravitas       Tloc           ###.......   10%         3    ###....
z - Shroud of Golubria    Chrm/Tloc      ##........   13%         2    ##.....

Your spell library contained the following spells:

 Spells                   Type           Power        Failure   Level  Hunger
 Teleport Other           Tloc           ###.....     10%         3    ###....
 Ensorcelled Hibernation  Hex/Ice        #.....       32%         2    ##.....
 Passage of Golubria      Tloc           N/A          32%         4    ####...
 Borgnjor's Vile Clutch   Necr/Erth      #.........   99%         5    ######.
 Silence                  Hex/Air        #.........   99%         5    ######.
 Darkness                 Hex            #.........   100%        6    #######
 Shadow Creatures         Summ           N/A          100%        6    #######


Dungeon Overview and Level Annotations

Branches:
Dungeon (3/15)

Altars:

Annotations:
D:3 Curus's ghost, amateur DsGl


Innate Abilities, Weirdness & Mutations

Your experience applies equally to all skills.
You have very sharp teeth.
Your uncanny sense of smell can sniff out nearby items.


Message History

Curus's ghost is heavily damaged.
Curus's ghost hits you.
* * * LOW HITPOINT WARNING * * *
Casting: Shroud of Golubria (safe; 13% risk of failure)
Confirm with . or Enter, or press ? or * to list all spells.
You blink.
Okay, then.
Casting: Blink (safe; 4% risk of failure)
Confirm with . or Enter, or press ? or * to list all spells.
Aiming: Gell's Gravitas (safe; 10% risk of failure)
Press: ? - help, Dir - move target cursor Gravity reorients around empty space.
You are feeling hungry.
Casting: Gell's Gravitas (safe; 10% risk of failure)
Confirm with . or Enter, or press ? or * to list all spells.
You blink.
There is a transporter here.
You enter the transporter and appear at another place.
Curus's ghost hits you!
You die...

.# #.##
#.############...#.#
#..................##
#..#########........
#.##......§##r.....
#.#8.......8#....#
##.#.........#...##
##..#........$#...#
##..©#...†©...[#@..#
.....#.†.)....(#W.##
.....#.........#.##
#....#8.......8#.#
.....##...)...##.######
#.....#########.........
##.##...........########
#.#########.#### #.# #.#


You could see Curus's ghost and a quokka.

Vanquished Creatures
  Terence (D:3)
  4 adders (D:2)
  A worm (D:2)
  A dart slug (D:2)
  A leopard gecko (D:3)
  5 bats (D:2)
  4 giant cockroaches
  4 goblins
  5 hobgoblins
  3 kobolds (D:3)
  2 quokkas (D:2)
  2 ball pythons
  3 frilled lizards (D:2)
  2 rats
38 creatures vanquished.

Notes
Turn   | Place    | Note
-------+----------+-------------------------------------------
     0 | D:1      | amgonnakillyou the Gnoll Warper began the quest for the
                  | Orb.
     0 | D:1      | Reached XP level 1. HP: 20/20 MP: 6/6
    15 | D:1      | You fall through a shaft!
   112 | D:2      | Reached XP level 2. HP: 24/26 MP: 7/7
   116 | D:2      | Learned a level 2 spell: Blink
   317 | D:2      | Reached skill level 5 in Spellcasting
   317 | D:2      | Reached XP level 3. HP: 28/31 MP: 7/9
   323 | D:2      | Learned a level 3 spell: Gell's Gravitas
   326 | D:2      | Learned a level 2 spell: Shroud of Golubria
   330 | D:2      | Learned a level 3 spell: Lesser Beckoning
   400 | D:2      | Reached skill level 1 in Invocations
   760 | D:2      | Reached skill level 1 in Short Blades
   760 | D:2      | Reached skill level 1 in Long Blades
   760 | D:2      | Reached skill level 1 in Maces & Flails
   760 | D:2      | Reached skill level 1 in Polearms
   760 | D:2      | Reached skill level 1 in Staves
   760 | D:2      | Reached skill level 1 in Slings
   760 | D:2      | Reached skill level 1 in Bows
   760 | D:2      | Reached skill level 1 in Crossbows
   760 | D:2      | Reached skill level 1 in Stealth
   760 | D:2      | Reached skill level 1 in Shields
   760 | D:2      | Reached skill level 1 in Unarmed Combat
   760 | D:2      | Reached skill level 1 in Evocations
   760 | D:2      | Reached XP level 4. HP: 38/38 MP: 11/11
  1017 | D:3      | Noticed Terence
  1031 | D:3      | Killed Terence
  1031 | D:3      | Reached skill level 1 in Conjurations
  1031 | D:3      | Reached skill level 1 in Hexes
  1031 | D:3      | Reached skill level 1 in Charms
  1031 | D:3      | Reached skill level 1 in Summonings
  1031 | D:3      | Reached skill level 1 in Necromancy
  1031 | D:3      | Reached skill level 1 in Transmutations
  1031 | D:3      | Reached skill level 1 in Fire Magic
  1031 | D:3      | Reached skill level 1 in Ice Magic
  1031 | D:3      | Reached skill level 1 in Air Magic
  1031 | D:3      | Reached skill level 1 in Earth Magic
  1031 | D:3      | Reached skill level 1 in Poison Magic
  1071 | D:3      | Found a transporter.
  1076 | D:3      | Noticed Curus's ghost (amateur DsGl)
  1102 | D:3      | Found a transporter.
  1150 | D:3      | Mangled by Curus's ghost

Skill      XL: |  1  2  3  4 |
---------------+-------------+-----
Spellcasting   | 5 |  5.1
Invocations    | 1 |  1.3
Short Blades   | 1 |  1.2
Long Blades    | 1 |  1.2
Maces & Flails | 1 |  1.2
Polearms       | 1 |  1.2
Staves         | 1 |  1.2
Slings         | 1 |  1.2
Bows           | 1 |  1.2
Crossbows      | 1 |  1.2
Stealth        | 1 |  1.2
Shields        | 1 |  1.2
Unarmed Combat | 1 |  1.2
Evocations     | 1 |  1.2
Conjurations   | 1 |  1.0
Hexes          | 1 |  1.0
Charms         | 1 |  1.0
Summonings     | 1 |  1.0
Necromancy     | 1 |  1.0
Transmutations | 1 |  1.0
Fire Magic     | 1 |  1.0
Ice Magic      | 1 |  1.0
Air Magic      | 1 |  1.0
Earth Magic    | 1 |  1.0
Poison Magic   | 1 |  1.0
Fighting       | |  4.7
Axes           | |  4.7
Throwing       | |  2.8
Armour         | |  2.8
Dodging        | |  4.7
Translocations | |  5.5

Action                   |  1- 3 |  4- 6 || total
-------------------------+-------+-------++-------
Melee: Hand axe          |    59 |    61 ||   120
       Bite              |     5 |     6 ||    11
       Punch             |     1 |       ||     1
Throw: Tomahawk          |     3 |       ||     3
 Cast: Blink             |     3 |     2 ||     5
       Lesser Beckoning  |     2 |       ||     2
       Gell's Gravitas   |     1 |     2 ||     3
       Shroud of Golubri |       |     6 ||     6
  Use: Scroll            |     1 |       ||     1
       Potion            |     1 |       ||     1
  Eat: Chunk             |       |     1 ||     1
Armor: Leather armour    |     3 |       ||     3
       Ring mail         |    16 |     4 ||    20
Dodge: Dodged            |    50 |    38 ||    88
